 Dungeon Crawl Stone Soup version 0.30-a0-313-gae38170b09 (webtiles) character file.

Game seed: 11704326895449611157

79 koil the Shooter (level 4, -1/23 HPs)
             Began as a Spriggan Hunter on Oct 26, 2022.
             Killed from afar by a white imp (10 damage)
             ... with a puff of frost
             ... summoned by Natasha
             ... on level 3 of the Dungeon.
             The game lasted 00:03:27 (1524 turns).

koil the Shooter (Spriggan Hunter)                  Turns: 1524, Time: 00:03:29

Health: -1/23      AC:  2    Str:  7    XL:     4   Next: 17%
Magic:  7/7        EV: 20    Int: 10    God:
Gold:   212        SH:  0    Dex: 26    Spells: 6/6 levels left

rFire   + . .      SeeInvis +    a - +0 shortbow
rCold   . . .      Faith    .    (shield currently unavailable)
rNeg    . . .      Spirit   .    c - +0 robe
rPois   .          Reflect  .    (helmet restricted)
rElec   .          Harm     .    (no cloak)
rCorr   .          Rampage  .    (gloves unavailable)
Will    .....                    (boots unavailable)
Stlth   +++.......               (no amulet)
HPRegen 0.23/turn                l - +6 ring of dexterity
MPRegen 0.10/turn                i - ring of protection from fire

@: very quick
A: very small, no large weapons, unfitting armour, see invisible, speed 3
a: no special abilities


You were on level 3 of the Dungeon.
You visited 1 branch of the dungeon, and saw 3 of its levels.

You collected 212 gold pieces.

Inventory:

Hand Weapons
 a - a +0 shortbow (weapon)
 b - the +4 rapier "Newtbane" {elec, Int+4}
   (You found it on level 2 of the Dungeon)

   It occasionally discharges a powerful burst of electricity upon striking a
   foe.
   Int:       It affects your intelligence (+4).
Armour
 c - a +0 robe (worn)
Jewellery
 i - a ring of protection from fire (right hand)
 l - a +6 ring of dexterity (left hand)
Scrolls
 j - 2 scrolls of immolation
Potions
 d - a potion of might {unknown}
 e - 3 potions of lignification {unknown}
 f - 2 potions of degeneration {unknown}
 g - a potion of curing {unknown}
 h - a potion of invisibility {unknown}
 k - 3 potions of flight {unknown}


   Skills:
 + Level 2.1 Fighting
 + Level 4.3 Ranged Weapons
 + Level 3.6 Dodging
 + Level 3.1 Stealth
 + Level 1.9 Spellcasting


You had 6 spell levels left.
You didn't know any spells.
Your spell library was empty.

Dungeon Overview and Level Annotations

Branches:
Dungeon (3/15)

Altars:
Yredelemnul

Annotations:
D:3 Natasha


Innate Abilities, Weirdness & Mutations

You are very small and have problems with some larger weapons.
You are too small for most types of armour.
You have supernaturally acute eyesight. (SInv)
You cover ground extremely quickly. (Speed+++)


Message History

No target in view!
You open the door.
There is an open door here.
You now have 192 gold pieces (gained 6).
You open the door.
There is an open door here.
Found a basalt altar of Yredelemnul.
l - a +6 ring of dexterity You feel agile.
l - a +6 ring of dexterity (left hand)
i - a ring of protection from fire (right hand)
Okay, then.
Really walk into that teleport trap?
Okay, then.
There is a basalt altar of Yredelemnul here.
You kneel at the altar of Yredelemnul.
You now have 202 gold pieces (gained 10).
You now have 212 gold pieces (gained 10).
You open the door.
Natasha and an endoplasm come into view.
You shoot an arrow. The arrow hits Natasha!
Natasha hisses angrily.
Natasha is severely wounded.
You shoot an arrow. The arrow barely misses Natasha.
Natasha casts a spell.
You shoot an arrow. The arrow hits the white imp.
The white imp is heavily wounded.
The white imp gestures at you. The puff of frost misses you.
You shoot an arrow. The arrow closely misses the white imp.
You shoot an arrow. The arrow barely misses the white imp.
The white imp gestures at you. The puff of frost hits you!
You shoot an arrow.
The arrow hits the white imp but does no damage.
The white imp is heavily wounded.
The white imp hits you. The white imp freezes you.
The white imp gestures at you. The puff of frost hits you!
You die... ####### ....... ....... ....... ..... .Jh

###5### #...@.###
#.......########
#.......##.....######
###........P.P.......
########.._...#####
#.P^P.##....
#.....#.....
##....#....†
####.......


You could see Natasha, a white imp (summoned) and an endoplasm.

Vanquished Creatures
  Jessica (D:2)
  3 adders
  3 ball pythons
  3 bats
  An endoplasm (D:1)
  2 giant cockroaches
  3 goblins
  3 hobgoblins
  3 kobolds
  A frilled lizard (D:2)
  5 rats
28 creatures vanquished.

Notes
Turn   | Place    | Note
-------+----------+-------------------------------------------
     0 | D:1      | koil the Spriggan Hunter began the quest for the Orb.
     0 | D:1      | Reached XP level 1. HP: 10/10 MP: 2/2
   479 | D:1      | You fall into a shaft and drop 1 floor!
   504 | D:1      | Reached XP level 2. HP: 15/15 MP: 2/4
   817 | D:2      | Reached skill level 1 in Spellcasting
  1014 | D:2      | Identified the +4 rapier "Newtbane" {elec, Int+4}
  1042 | D:2      | Reached XP level 3. HP: 18/18 MP: 5/5
  1220 | D:2      | Noticed Jessica
  1224 | D:2      | Killed Jessica
  1426 | D:3      | Reached XP level 4. HP: 23/23 MP: 7/7
  1490 | D:3      | Found a basalt altar of Yredelemnul.
  1518 | D:3      | Noticed Natasha
  1524 | D:3      | Killed from afar by a white imp

Illustrated notes

Levels and vault maps discovered:
D:1:      ebering_trefoil_3fold, layout_basic, st_stairs_3, minivault_5
D:2:      layout_loops_cross, minmay_misc_feat_cross, nicolae_titane,
          uniq_jessica
D:3:      layout_basic, yredelemnul_altar_generic, nicolae_ecumenical_oubliette,
          serial_shops, shop, uniq_natasha, uniq_ijyb

Skill      XL: |  1  2  3 |
---------------+----------+-----
Stealth        | 2 3 |  3.1
Dodging        | 3 |  3.6
Spellcasting   | 1 |  1.9
Fighting       | 2 |  2.1
Ranged Weapons | |  4.3

Action                   |  1- 3 |  4- 6 || total
-------------------------+-------+-------++-------
 Fire: Shortbow          |    81 |    15 ||    96
Armor: Robe              |     5 |       ||     5
Dodge: Dodged            |    25 |    11 ||    36

Table legend: (Time is in decaauts)
 A = Elapsed time spent in this place.
 B = Non-inter-level travel time spent in this place.
 C = Inter-level travel time spent in this place.
 D = Time resting spent in this place.
 E = Time spent auto-exploring this place.
 F = Levels seen in this place.
 G = Mean time per level.
                   A        B        C        D        E       F      G
               +--------+--------+--------+--------+--------+-----+--------+
         Total |   1044 |   1014 |     30 |      0 |    813 |   3 |  348.0 |
       Dungeon |   1044 |   1014 |     30 |      0 |    813 |   3 |  348.0 |
               +--------+--------+--------+--------+--------+-----+--------+

Top non-repeatable levels by time:
     D:2: 528 daAuts
     D:1: 441 daAuts
     D:3: 73 daAuts
